 Dungeon Sprint DCSS version 0.22-a0-367-gb72a975701 (webtiles) character file.

42 KillingSpree the Ruffian (level 3, -8/31 HPs)
             Began as a Naga Transmuter on Apr 22, 2018.
             Was an Initiate of Cheibriados.
             Mangled by a two-headed ogre
             ... wielding a +0 dire flail
              (24 damage)
             ... in the Dungeon (Sprint IX: "|||||||||||||||||||||||||||||").
             The game lasted 00:01:18 (256 turns).

KillingSpree the Ruffian (Naga Transmuter)           Turns: 256, Time: 00:01:19

Health: -8/31      AC: 10    Str: 13    XL:     3   Next: 54%
Magic:  6/6        EV:  3    Int: 15    God:    Cheibriados [......]
Gold:   0          SH:  0    Dex: 12    Spells: 5/6 levels left

rFire    . . .     SeeInvis +     - Unarmed
rCold    . . .     Gourm    .   (no shield)
rNeg     . . .     Faith    .   p - +0 plate armour
rPois    +         Spirit   .   n - +0 helmet
rElec    .         Reflect  .   o - +0 cloak
rCorr    .         Harm     .   (no gloves)
MR       .....     NoTele   +   (no barding)
Stlth    ..........             (no amulet)
HPRegen  0.10/turn              q - +2 ring of protection
MPRegen  0.10/turn              r - +2 ring of evasion

@: invisible, very slow
A: large, see invisible, deformed body, poison resistance, slowness 2, slow
metabolism 1, spit poison 1, AC +1
a: Spit Poison, Bend Time, Renounce Religion


You were in the Dungeon.
You worshipped Cheibriados.
Cheibriados was noncommittal.
You were not hungry.

You visited 1 branch

Inventory:

Missiles
 a - 12 arrows
Armour
 b - a +0 robe
 n - a +0 helmet (worn)
 o - a +0 cloak (worn)
 p - a +0 plate armour (worn)
Jewellery
 q - a +2 ring of protection (left hand)
 r - a +2 ring of evasion (right hand)
Wands
 m - a wand of iceblast (10)
Scrolls
 j - 2 scrolls of blinking
 k - 3 scrolls of remove curse
 l - 2 scrolls of amnesia
Potions
 e - 5 potions of curing
 f - 2 potions of heal wounds
 g - a potion of haste
 h - 4 potions of magic
 i - a potion of berserk rage
Comestibles
 d - a ration


   Skills:
 + Level 1.1 Fighting
 + Level 2.2 Dodging
 * Level 6.4 Unarmed Combat
 + Level 2.4 Spellcasting
 * Level 3.0 Transmutations


You had 5 spell levels left.
You knew the following spells:

 Your Spells              Type           Power        Failure   Level  Hunger
a - Beastly Appendage     Tmut           ##....       100%        1    #......


Dungeon Overview and Level Annotations

Branches:
Dungeon (1/1)

Altars:
Cheibriados
Dithmenos
Elyvilon
Fedhas
Gozag
Hepliaklqana
Kikubaaqudgha
Makhleb
Nemelex Xobeh
Okawaru
Qazlal
Ru
Sif Muna
Trog
Uskayaw
Vehumet
Wu Jian
Xom
Yredelemnul
Zin
The Shining One
Beogh
Jiyva
Lugonu


Innate Abilities, Weirdness & Mutations

You cannot wear boots.
Your serpentine skin is tough. (AC +1)
You have supernaturally acute eyesight. (SInv)
Armour fits poorly on your strangely shaped body.
Your system is resistant to poisons. (rPois)
You cover ground very slowly.
You have a slow metabolism.
You can spit poison.


Message History

You start removing your armour.
You continue taking off your +0 robe. x4
You finish taking off your +0 robe.
You start putting on your armour.
You continue putting on your +0 plate armour. x5
You finish putting on your +0 plate armour.
You start resting.
HP restored.
You open the door.
A hippogriff, a bullfrog, 2 ogres, a crimson imp and an unseen horror come into view.
The ogre shouts!
The crimson imp shouts!
The bullfrog gives a loud, deep croak!
The hippogriff screeches!
The two-headed ogre shouts in stereo!
Unknown command.
Evoke which item? (* to show all) (? for menu, Esc to quit)
Okay, then.
You fade into invisibility!
The bullfrog releases a deep croak.
The two-headed ogre hits you with a dire flail!
The two-headed ogre hits you with a giant spiked club!!
Ouch! That really hurt!
You die... ▓▓▓▓▓▓▓▓▓▓▓▓▓▓▓▓▓▓▓▓▓▓▓▓ Ox5F.HO@....)|..'_______ ▓▓▓▓▓▓▓▓▓▓▓▓▓▓▓▓▓▓▓▓▓▓▓▓

You could see a two-headed ogre, a hippogriff, an unseen horror (invisible), an ogre, a bullfrog and a crimson imp.

Vanquished Creatures
  A hound (D)
  An orc (D)
  2 giant cockroaches (D)
  A quokka (D)
  A frilled lizard (D)
  A giant cockroach zombie (D)
  A kobold (D)
  2 rats (D)
10 creatures vanquished.

Notes
Turn   | Place    | Note
-------+----------+-------------------------------------------
     0 | D        | KillingSpree the Naga Transmuter began the quest for the Orb.
     0 | D        | Reached XP level 1. HP: 18/18 MP: 3/3
    19 | D        | Reached skill level 4 in Unarmed Combat
   116 | D        | Noticed a hound
   127 | D        | Reached XP level 2. HP: 16/25 MP: 5/5
   133 | D        | HP: 1/25 [hound (5)]
   143 | D        | Reached skill level 6 in Unarmed Combat
   143 | D        | Reached XP level 3. HP: 24/31 MP: 6/6
   161 | D        | Found a roughly hewn altar of Beogh.
   161 | D        | Found a snail-covered altar of Cheibriados.
   161 | D        | Found a shadowy altar of Dithmenos.
   161 | D        | Found a white marble altar of Elyvilon.
   161 | D        | Found a blossoming altar of Fedhas.
   161 | D        | Found an opulent altar of Gozag.
   162 | D        | Found a hazy altar of Hepliaklqana.
   163 | D        | Found a viscous altar of Jiyva.
   164 | D        | Found an ancient bone altar of Kikubaaqudgha.
   165 | D        | Became a worshipper of Cheibriados the Contemplative
   166 | D        | Found a corrupted altar of Lugonu.
   167 | D        | Found a burning altar of Makhleb.
   168 | D        | Found a sparkling altar of Nemelex Xobeh.
   169 | D        | Found an iron altar of Okawaru.
   170 | D        | Found a stormy altar of Qazlal.
   171 | D        | Found a sacrificial altar of Ru.
   172 | D        | Found a deep blue altar of Sif Muna.
   173 | D        | Found a bloodstained altar of Trog.
   174 | D        | Found a hide-covered altar of Uskayaw.
   175 | D        | Found a radiant altar of Vehumet.
   176 | D        | Found an ornate altar of the Wu Jian Council.
   177 | D        | Found a shimmering altar of Xom.
   178 | D        | Found a basalt altar of Yredelemnul.
   179 | D        | Found a glowing silver altar of Zin.
   180 | D        | Found a glowing golden altar of the Shining One.
   255 | D        | Noticed an ogre
   255 | D        | Noticed an unseen horror
   255 | D        | Noticed a bullfrog
   255 | D        | Noticed a hippogriff
   255 | D        | Noticed a two-headed ogre
   256 | D        | Mangled by a two-headed ogre

Vault maps used:
D:        linesprint

Skill      XL: |  1  2 |
---------------+-------+-----
Unarmed Combat | 4 6 |  6.4
Dodging        | 2 |  2.2
Transmutations | 3 |  3.0
Fighting       | |  1.1
Spellcasting   | |  2.4

Action                   || total
-------------------------++-------
Melee: Unarmed           ||    47
 Abil: Spit Poison       ||     3
  Use: Potion            ||     2
Armor: Robe              ||     6
Dodge: Dodged            ||    21

Table legend:
 A = Spawn XP
 B = Non-spawn XP
 C = Spawn XP percentage of total XP
 D = Spawn monster count
 E = Non-spawn monster count
 F = Spawn count percentage of total count
 G = Total turns spent on level
                    A         B        C        D         E        F      G
               +---------+---------+-------+---------+---------+-------+---------
         Total |       0 |      60 |   0.0 |       0 |      10 |   0.0 |   256
               +---------+---------+-------+---------+---------+-------+---------
             D |       0 |      60 |   0.0 |       0 |      10 |   0.0 |   256
               +---------+---------+-------+---------+---------+-------+---------
